 Dungeon Crawl Stone Soup version 0.26-a0-651-gb41185065b (webtiles) character file.

Game seed: 12897192605881879209

99 Ozzies the Skirmisher (level 4, -2/32 HPs)
             Began as a Gargoyle Fighter on Oct 14, 2020.
             Slain by an adder (3 damage)
             ... on level 3 of the Dungeon.
             The game lasted 00:01:55 (1724 turns).

Ozzies the Skirmisher (Gargoyle Fighter)            Turns: 1724, Time: 00:01:55

Health: -2/32      AC: 16    Str: 21    XL:     4   Next: 72%
Magic:  13/13      EV:  7    Int:  8    God:
Gold:   91         SH:  9    Dex:  9    Spells: 3/3 levels left

rFire    . . .     SeeInvis .   a - +0 flail
rCold    + . .     Faith    .   c - +0 kite shield
rNeg     + . .     Spirit   .   j - +2 scale mail {rC+}
rPois    ∞         Reflect  .   (no helmet)
rElec    +         Harm     .   (no cloak)
rCorr    .         Rampage  .   (no gloves)
MR       .....                  (no boots)
Stlth    ..........             (no amulet)
HPRegen  0.10/turn              e - ring of magical power
MPRegen  0.13/turn              n - +4 ring of protection

@: no status effects
A: negative energy resistance 1, electricity resistance, unbreathing,
petrification resistance, rot immunity, AC +3
a: no special abilities


You were on level 3 of the Dungeon.
You visited 1 branch of the dungeon, and saw 3 of its levels.

You collected 91 gold pieces.

Inventory:

Hand Weapons
 a - a +0 flail (weapon)
Missiles
 f - 19 stones (quivered)
Armour
 b - a +0 scale mail
 c - a +0 kite shield (worn)
 j - a +2 scale mail of cold resistance (worn)
Jewellery
 e - a ring of magical power (left hand)
 m - an uncursed ring of ice
 n - a +4 ring of protection (right hand)
Scrolls
 h - a scroll of enchant weapon {unknown}
 k - a scroll of magic mapping {unknown}
 l - 2 scrolls of identify {unknown}
 o - 4 scrolls of teleportation {unknown}
Potions
 d - a potion of might {@q3 !q}
 g - a potion of curing {unknown}
 i - 2 potions of stabbing {unknown}


   Skills:
 + Level 5.8 Fighting
 - Level 2.0 Maces & Flails
 - Level 3.2 Armour
 - Level 3.2 Shields


You had 3 spell levels left.
You didn't know any spells.
Your spell library was empty.

Dungeon Overview and Level Annotations

Branches:
Dungeon (3/15)

Altars:
Dithmenos
Yredelemnul


Innate Abilities, Weirdness & Mutations

You are resistant to torment.
Your stone body is resilient. (AC +3)
You are immune to poison.
You resist negative energy. (rN+)
You are resistant to electric shocks. (rElec)
You can survive without breathing.
You are immune to petrification.
You are immune to rotting.


Message History

You see here 10 gold pieces.
The jackal bites you but does no damage.
An orc comes into view. It is wielding a +0 mace.
The jackal bites you but does no damage.
The orc shouts!
The adder barely misses you. The jackal bites you.
The orc wizard mumbles some strange words.
The orc wizard flickers and vanishes!
Deactivating autopickup; reactivate with Ctrl-A.
The orc barely misses you.
You hit the orc.
The orc is heavily wounded.
The adder misses you. The adder closely misses you.
The orc hits you but does no damage.
You hit the orc.
You kill the orc!
The adder bites you but does no damage. You block the jackal's attack.
The adder bites you but does no damage. You block the orc's attack.
The jackal bites you but does no damage.
You thump the orc!
You kill the orc!
The adder barely misses you. You block the jackal's attack.
The orc hits you but does no damage. You block the adder's attack.
You block the jackal's attack.
You sock the orc!
You kill the orc!
The jackal bites you but does no damage.
The adder bites you but does no damage.
The jackal bites you but does no damage.
The orc completely misses you. You block the adder's attack.
The orc closely misses you.
You closely miss the orc. The jackal barely misses you.
You block the adder's attack. The orc hits you but does no damage. x2
You block the jackal's attack.
You hit the orc.
The orc is moderately wounded.
The adder bites you but does no damage. The jackal bites you.
The orc barely misses you. The adder bites you but does no damage.
The orc barely misses you.
The jackal bites you but does no damage.
Your shield and scale mail prevent you from hitting the orc.
The orc is moderately wounded.
You block the orc's attack. The adder bites you but does no damage.
The jackal closely misses you. The orc hits you but does no damage.
The adder bites you but does no damage. The orc closely misses you.
The jackal bites you but does no damage.
You hit the orc.
The orc is severely wounded.
The adder bites you but does no damage. You block the jackal's attack.
The orc hits you but does no damage. The orc barely misses you.
The adder bites you but does no damage. You block the jackal's attack.
You sock the orc!
You kill the orc!
You block the adder's attack. You block the jackal's attack.
You barely miss the orc. The adder bites you. You block the jackal's attack.
You block the orc's attack. x2; The adder barely misses you.
You block the jackal's attack. The orc hits you with a +0 mace.
Your shield and scale mail prevent you from hitting the orc.
The jackal barely misses you. You block the adder's attack.
The orc hits you but does no damage. The jackal barely misses you.
The adder bites you but does no damage. The orc hits you but does no damage.
You miss the orc wizard. The jackal barely misses you.
The adder bites you but does no damage.
The jackal bites you but does no damage.
The adder bites you but does no damage.
You sock the orc!
You kill the orc!
The jackal bites you.
* * * LOW HITPOINT WARNING * * *
The adder bites you.
* * * LOW HITPOINT WARNING * * *
The jackal bites you but does no damage.
The orc wizard casts a spell.
The orc wizard seems to speed up.
The orc closely misses you. The adder bites you but does no damage.
You hit the orc.
The orc is heavily wounded.
The jackal bites you but does no damage.
The orc wizard hits you but does no damage.
You block the adder's attack. You block the jackal's attack.
You completely miss the orc wizard. The adder barely misses you.
The jackal bites you but does no damage.
You block the orc's attack. You block the adder's attack.
The jackal closely misses you. The orc wizard completely misses you.
You closely miss the orc wizard.
The orc wizard hits you but does no damage.
You block the adder's attack.
The jackal bites you but does no damage.
The orc hits you but does no damage.
The orc wizard gestures at you while chanting.
The magic dart hits you!
* * * LOW HITPOINT WARNING * * *
The adder bites you but does no damage.
The jackal stops to sniff the ground.
The jackal bites you but does no damage.
You sock the orc wizard!
The orc wizard is almost dead.
The orc wizard barely misses you. The jackal barely misses you.
The adder bites you.
You die...

............#
#......<...#
..#.#..o.......#
......oo......>#
###h.o.....#
#o#####.<# .. #.#
#..# . #†# ##{o# .
#o# #oh@# #. #o#
#o#S# #.##)# #.oh#
#....# #..##
###..# #..#
#.###..####..####
#.=........#....(#
#........$.....###
#.............##


You could see an orc priest, an orc wizard (fast), an adder, 2 orcs and 2
jackals.

Vanquished Creatures
  An orc priest (D:3)
  An adder (D:2)
  2 dart slugs (D:1)
  A leopard gecko (D:1)
  6 orcs (D:3)
  5 bats
  A giant cockroach (D:2)
  6 goblins
  2 hobgoblins (D:1)
  8 jackals
  4 kobolds (D:1)
  A quokka (D:2)
  A ball python (D:1)
  6 frilled lizards
  2 rats
  A spectral orc (D:2)
48 creatures vanquished.

Notes
Turn   | Place    | Note
-------+----------+-------------------------------------------
     0 | D:1      | Ozzies the Gargoyle Fighter began the quest for the Orb.
     0 | D:1      | Reached XP level 1. HP: 14/14 MP: 1/1
    97 | D:1      | Reached XP level 2. HP: 17/20 MP: 2/2
   159 | D:1      | Reached skill level 4 in Fighting
   742 | D:1      | Reached XP level 3. HP: 24/24 MP: 3/3
   918 | D:2      | Found a faded altar of an unknown god.
  1270 | D:2      | Reached skill level 5 in Fighting
  1304 | D:2      | Found a shadowy altar of Dithmenos.
  1431 | D:2      | Found a basalt altar of Yredelemnul.
  1554 | D:2      | Found a shadowy altar of Dithmenos.
  1683 | D:3      | Reached XP level 4. HP: 31/31 MP: 4/4
  1723 | D:3      | HP: 1/32 [orc wizard/magic dart (8)]
  1724 | D:3      | Slain by an adder

Illustrated notes

Levels and vault maps discovered:
D:1:      kilobyte_arrival_exit_the_forest, layout_basic
D:2:      layout_loops_ring, lemuel_coloured_pillars_altar,
          yredelemnul_forgotten_temple_becter, chequers_ecumenical_altar_simple,
          grunt_dithmenos_smoke_and_mirrors
D:3:      layout_rooms, tso_oasis_becter, minmay_misc_feat_encased

Skill      XL: |  1  2  3 |
---------------+----------+-----
Fighting       | 4 5 |  5.8
Maces & Flails | |  2.0
Armour         | |  3.2
Shields        | |  3.2

Action                   |  1- 3 |  4- 6 || total
-------------------------+-------+-------++-------
Melee: Flail             |   135 |    25 ||   160
Armor: Scale mail        |    97 |    47 ||   144
Dodge: Dodged            |    51 |    34 ||    85
Block: Kite shield       |    75 |    28 ||   103

Table legend: (Time is in decaauts)
 A = Elapsed time spent in this place.
 B = Non-inter-level travel time spent in this place.
 C = Inter-level travel time spent in this place.
 D = Time resting spent in this place.
 E = Time spent auto-exploring this place.
 F = Levels seen in this place.
 G = Mean time per level.
                   A        B        C        D        E       F      G
               +--------+--------+--------+--------+--------+-----+--------+
         Total |   1794 |   1721 |     73 |      0 |   1345 |   3 |  598.0 |
       Dungeon |   1794 |   1721 |     73 |      0 |   1345 |   3 |  598.0 |
               +--------+--------+--------+--------+--------+-----+--------+

Top non-repeatable levels by time:
     D:1: 956 daAuts
     D:2: 708 daAuts
     D:3: 128 daAuts
